 Dungeon Crawl Stone Soup version 0.24-a0-10-gb84795d (console) character file.

Game seed: 14783768379403782884

413 Duffy the Ruffian (level 6, -1/47 HPs)
             Began as a Draconian Transmuter on Jan 31, 2019.
             Slain by a sky beast (3 damage)
             ... on level 6 of the Dungeon.
             The game lasted 00:02:42 (1687 turns).

Duffy the Ruffian (Draconian Transmuter)            Turns: 1687, Time: 00:02:43

Health: -1/47      AC:  2    Str: 13    XL:     6   Next: 59%
Magic:  6/9        EV: 19    Int: 15    God:
Gold:   128        SH:  0    Dex: 16    Spells: 3/9 levels left

rFire    . . .     SeeInvis .     - Unarmed
rCold    . . .     Gourm    .   (shield currently unavailable)
rNeg     . . .     Faith    .   (armour unavailable)
rPois    x         Spirit   .   (helmet currently unavailable)
rElec    .         Reflect  .   (cloak currently unavailable)
rCorr    .         Harm     .   (gloves currently unavailable)
MR       .....                  (boots currently unavailable)
Stlth    +.........             (no amulet)
HPRegen  0.15/turn              d - ring of flight
MPRegen  0.11/turn              (no ring)

@: spider-form (expiring)
A: tiny, unfitting armour, AC +6
a: End Transformation, Evoke Flight


You were on level 6 of the Dungeon.
You were not hungry.
You were a venomous arachnid creature.
You visited 1 branch of the dungeon, and saw 6 of its levels.

You collected 128 gold pieces.

Inventory:

Missiles
 a - 29 arrows
Armour
 k - a +0 pair of gloves (melded)
 o - a +0 cloak (melded)
Jewellery
 b - an uncursed ring of ice
 d - a ring of flight (left front leg)
Wands
 n - a wand of acid (8)
Scrolls
 h - a scroll of remove curse {unknown}
 j - a scroll of enchant weapon {unknown}
 l - a scroll of random uselessness {unknown}
 m - 3 scrolls of identify {unknown}
Potions
 e - a potion of agility {unknown}
 f - a potion of curing {unknown}
 i - a potion of heal wounds {unknown}
 p - a potion of brilliance {unknown}
Comestibles
 c - 3 rations
 g - 5 chunks of flesh


   Skills:
 - Level 1.1 Fighting
 - Level 1.7 Dodging
 + Level 5.1 Unarmed Combat
 - Level 2.0 Spellcasting
 + Level 4.5 Transmutations
 - Level 3.2 Poison Magic


You had 3 spell levels left.
You knew the following spells:

 Your Spells              Type           Power        Failure   Level  Hunger
h - Spider Form           Tmut/Pois      ##........   32%         3    ###....
j - Beastly Appendage     Tmut           ###...       12%         1    #......
k - Sticks to Snakes      Tmut           ###.....     16%         2    ###....

Your spell library contained the following spells:

 Spells                   Type           Power        Failure   Level  Hunger
 Ice Form                 Ice/Tmut       #.......     83%         4    #####..
 Blade Hands              Tmut           ###.......   85%         5    ######.


Dungeon Overview and Level Annotations

Branches:
Dungeon (6/15)
 Temple: D:4-7

Altars:
Sif Muna
Xom

Annotations:
D:4 Grinder
D:5 exclusion: door


Innate Abilities, Weirdness & Mutations

((Your plain brown scales are hard. (AC +6)))
You cannot fit into any form of body armour.
((You are cold-blooded and may be slowed by cold attacks.))


Message History

You kill the orc!
You barely miss the crimson imp.
The crimson imp blinks!
Your magical contamination has completely faded away.
The sky beast hits you. The sky beast shocks you.
The crimson imp blinks!
Things that are here:
a +0 falchion; an orc corpse; an adder corpse You barely miss the sky beast.
The sky beast hits you. The sky beast shocks you.
You hit the sky beast.
The sky beast is poisoned.
The sky beast is lightly wounded.
The sky beast completely misses you.
A crimson imp comes into view.
Your transformation is almost over.
The sky beast flickers out of sight!
Deactivating autopickup; reactivate with Ctrl-A. "WORSHIP ME, MORTAL," Xom booms, "AND I SHALL GRANT YOU THE GREATEST GIFT OF ALL."
The crimson imp hits you.
Found a lumpy coppery potion.
Found a shimmering altar of Xom.
Something hits you.
You die...

.).# #....##.......[..#
.#.#### #...5##..........#
.#....###................#
#####...#....##..........#
....##....##.######)######
......)...##.....##.#
...........5....)##.#
...........####..#..##...
........5..# #..s5......#
...........# #..........#
...........# #...........
........=.......(........_
..........$..##.##........
...........#.... .........
...........####. ..!.#....
.....%.....# .. ....#.#
......##$###


You could see a crimson imp.

Vanquished Creatures
  An orc warrior (D:6)
  A bullfrog (D:6)
  A hound (D:6)
  3 orc wizards
  4 worker ants
  An adder (D:6)
  A shadow imp (D:5)
  11 orcs
  A bat (D:3)
  2 hobgoblins (D:3)
  2 kobolds
  A ball python zombie (D:6)
  A frilled lizard (D:3)
30 creatures vanquished.

Vanquished Creatures (others)
  6 toadstools (D:5)
6 creatures vanquished.

Grand Total: 36 creatures vanquished

Notes
Turn   | Place    | Note
-------+----------+-------------------------------------------
     0 | D:1      | Duffy the Draconian Transmuter began the quest for the Orb.
     0 | D:1      | Reached XP level 1. HP: 16/16 MP: 3/3
   181 | D:3      | Noticed an orc wizard
   369 | D:2      | Reached XP level 2. HP: 23/23 MP: 5/5
   379 | D:2      | Reached XP level 3. HP: 19/28 MP: 6/6
   384 | D:2      | Learned a level 3 spell: Spider Form
   387 | D:2      | Learned a level 2 spell: Sticks to Snakes
   820 | D:5      | Entered Level 5 of the Dungeon
   839 | D:4      | Reached skill level 1 in Poison Magic
   842 | D:4      | Reached XP level 4. HP: 35/35 MP: 3/7
   890 | D:4      | Noticed Grinder
   930 | D:5      | Found a deep blue altar of Sif Muna.
  1012 | D:5      | Reached skill level 4 in Unarmed Combat
  1094 | D:5      | Reached XP level 5. HP: 34/40 MP: 5/8
  1443 | D:6      | Noticed an ice beast
  1491 | D:6      | Reached XP level 6. HP: 34/47 MP: 4/9
  1505 | D:6      | Got a twisted war axe
  1534 | D:6      | Noticed an orc warrior
  1563 | D:6      | Killed an orc warrior
  1563 | D:6      | Reached skill level 5 in Unarmed Combat
  1658 | D:6      | Noticed a sky beast
  1686 | D:6      | Found a shimmering altar of Xom.
  1686 | D:6      | HP: 1/47 [crimson imp (4)]
  1687 | D:6      | Slain by a sky beast

Vault maps used:
D:1:      evilmike_arrival_crescent
D:2:      first_ration
D:4:      uniq_grinder
D:5:      minmay_gold_behind_fungi, led_sif_book, uniq_duvessa
D:6:      minmay_temple_entry_statues_pillars, gup_sewer_entry_bowl,
          brannock_xom_greatest_gift

Skill      XL: |  1  2  3  4  5  6 |
---------------+-------------------+-----
Transmutations | 3 4 |  4.5
Poison Magic   | 1 2 3 |  3.2
Unarmed Combat | 4 5 |  5.1
Fighting       | |  1.1
Dodging        | |  1.7
Spellcasting   | |  2.0

Action                   |  1- 3 |  4- 6 || total
-------------------------+-------+-------++-------
Melee: Unarmed           |    53 |    66 ||   119
       Tailslap          |     5 |     2 ||     7
 Cast: Spider Form       |     2 |     8 ||    10
 Stab: Sleeping          |     1 |     1 ||     2
  Eat: Chunk             |       |     4 ||     4
Armor: Skin              |     8 |    14 ||    22
Dodge: Dodged            |    28 |    50 ||    78

Table legend:
 A = Non-vault XP
 B = Vault XP
 C = Vault XP percentage of total XP
 D = Non-vault monster count
 E = Vault monster count
 F = Vault count percentage of total count
                 A         B        C        D         E       F
            +---------+---------+-------+---------+---------+-------
      Total |     591 |       0 |   0.0 |      30 |       0 |   0.0
            +---------+---------+-------+---------+---------+-------
        D:1 |       2 |       0 |   0.0 |       1 |       0 |   0.0
        D:2 |      39 |       0 |   0.0 |       3 |       0 |   0.0
        D:3 |      15 |       0 |   0.0 |       7 |       0 |   0.0
        D:4 |      42 |       0 |   0.0 |       4 |       0 |   0.0
        D:5 |     165 |       0 |   0.0 |       8 |       0 |   0.0
        D:6 |     328 |       0 |   0.0 |       7 |       0 |   0.0
            +---------+---------+-------+---------+---------+-------
